 Dungeon Crawl Stone Soup version 0.29.1-1-gd02db6906a (webtiles) character file.

Game seed: 9675395886110471672

721 GigaChad the Trooper (level 7, -2/61 (66) HPs)
             Began as a Minotaur Fighter on Sept 21, 2022.
             Was a Follower of Trog.
             Succumbed to a water moccasin's poison
             ... on level 6 of the Dungeon.
             The game lasted 00:16:41 (5321 turns).

GigaChad the Trooper (Minotaur Fighter)             Turns: 5321, Time: 00:16:41

HP:   -2/61 (66)    AC:  7    Str: 22    XL:     7   Next: 43%
MP:   6/6           EV:  9    Int:  5    God:    Trog [*.....]
Gold: 1253          SH:  8    Dex: 10    Spells: 6/6 levels left

rFire   . . .      SeeInvis .   a - +0 long sword (spect)
rCold   . . .      Faith    .   j - +0 kite shield
rNeg    . . .      Spirit   .   b - +0 scale mail
rPois   .          Reflect  .   (helmet restricted)
rElec   .          Harm     .   (no cloak)
rCorr   .          Rampage  .   (no gloves)
Will    .....                   (no boots)
Stlth   ..........              (no amulet)
HPRegen 0.20/turn               h - +4 ring of slaying
MPRegen 0.10/turn               t - ring of flight

@: lethally poisoned (-2 -> -19), about to teleport, on berserk cooldown,
flying, slowed, drained, very slow
A: horns 2, retaliatory headbutt
a: Renounce Religion, Berserk


You were on level 6 of the Dungeon.
You worshipped Trog.
Trog was aware of your devotion.
You visited 2 branches of the dungeon, and saw 7 of its levels.

You collected 1253 gold pieces.

Inventory:

Hand Weapons
 a - a +0 spectral long sword (weapon)
Missiles
 m - 2 throwing nets (quivered)
Armour
 b - a +0 scale mail (worn)
 c - a +0 buckler
 j - a +0 kite shield (worn)
Jewellery
 h - a +4 ring of slaying (left hand)
 p - a ring of magical power
 t - a ring of flight (right hand)
Wands
 n - a wand of polymorph (10)
 q - a wand of mindburst (11)
Scrolls
 f - 2 scrolls of magic mapping
 g - 3 scrolls of identify
 i - 3 scrolls of teleportation
 s - a scroll of amnesia {unknown}
 u - 3 scrolls of vulnerability
 x - a scroll of summoning
 y - a scroll of fear {unknown}
Potions
 d - a potion of might
 e - a potion of mutation {unknown}
 l - a potion of flight {unknown}
 o - 5 potions of curing {unknown}
 r - a potion of heal wounds {unknown}
 v - 2 potions of invisibility {unknown}
 w - 2 potions of attraction {unknown}
 z - a potion of haste {unknown}


   Skills:
 + Level 7.5 Fighting
 - Level 2.8 Long Blades
 - Level 7.0 Armour
 - Level 3.0 Dodging
 - Level 3.9 Shields


You had 6 spell levels left.
You didn't know any spells.
Your spell library was empty.

Dungeon Overview and Level Annotations

Branches:
Dungeon (6/15)             Temple (1/1) D:5

Altars:
Ashenzari
Dithmenos
Fedhas
Hepliaklqana
Qazlal
Trog
Uskayaw
Vehumet
Yredelemnul
Zin
The Shining One

Annotations:
D:5 2 transporters, ChongLi's ghost, novice DsDe


Innate Abilities, Weirdness & Mutations

You have a pair of horns on your head.
You reflexively headbutt those who attack you in melee.


Message History

Your +0 spectral long sword barely misses the phantom.
You block the water moccasin's attack. The wight hits you with a +0 scimitar.
You feel drained. The phantom hits you.
The orc hits your +0 spectral long sword with a +0 short sword.
Your spectral weapon shares its damage with you!
The water moccasin bites you but does no damage.
The wight hits you with a +2 falchion!
You feel drained. The phantom hits you.
The phantom blinks!
You blink.
The phantom hits you. You block the wight's attack.
The water moccasin bites you. The phantom barely misses you.
You furiously retaliate!
You headbutt the phantom!
The water moccasin bites you but does no damage.
The phantom barely misses you. The water moccasin bites you!
You are poisoned.
The water moccasin poisons you! The wight attacks as you move away!
The wight barely misses you. You furiously retaliate!
You headbutt the wight, but do no damage.
The wight attacks as you move away! The wight misses you.
You feel very sick. You block the water moccasin's attack.
The water moccasin bites you but does no damage.
The wight hits you with a +0 morningstar.
* * * LOW HITPOINT WARNING * * *
The wight hits you with a +0 scimitar.
* * * LOW HITPOINT WARNING * * *
You feel drained.
Blink to where?
Press: ? - help, Dir - move target
As you read the scroll of blinking, it crumbles to dust.
You feel sick.
As you read the scroll of teleportation, it crumbles to dust.
You feel strangely unstable.
You feel sick. The orc attacks as you move away! You block the orc's attack.
You feel sick.
The water moccasin attacks as you move away!
The water moccasin bites you.
* * * LOW HITPOINT WARNING * * *
You are lethally poisoned!
The water moccasin poisons you!
You die...

#.........#
#.........#
#....!....#
#.....z...#
#....zz...#
#....zz...#
#....Woo..######
###+##'#.S.....#
#......#.o.@...+
#......#.......#
##'#####.......#
#..<..<.###+##....
#.......# .....
#.......# ....
#.......# ...
######### ###


You could see a water moccasin, a phantom, 5 wights and 3 orcs.

Vanquished Creatures
  An ice beast (D:5)
  An ogre (D:5)
  2 hounds
  An orc priest (D:3)
  3 gnoll boudas
  A jelly (D:6)
  An iguana (D:4)
  2 orc wizards
  3 adders
  13 gnolls
  2 ufetubi
  2 worms (D:3)
  2 dart slugs
  11 orcs
  2 ball pythons (D:2)
  10 endoplasms
  3 giant cockroaches
  6 goblins
  5 hobgoblins
  7 jackals (D:1)
  7 quokkas
  2 frilled lizards (D:2)
  5 kobolds
  8 rats
  A butterfly (D:5)
101 creatures vanquished.

Vanquished Creatures (others)
  A plant (Temple)
1 creature vanquished.

Grand Total: 102 creatures vanquished

Notes
Turn   | Place    | Note
-------+----------+-------------------------------------------
     0 | D:1      | GigaChad the Minotaur Fighter began the quest for the Orb.
     0 | D:1      | Reached XP level 1. HP: 19/19 MP: 0/0
   202 | D:1      | Reached XP level 2. HP: 27/27 MP: 1/1
   906 | D:1      | Reached XP level 3. HP: 33/33 MP: 2/2
  1531 | D:2      | Reached XP level 4. HP: 41/41 MP: 3/3
  1615 | D:2      | You fall into a shaft and drop 2 floors!
  1691 | D:4      | Reached skill level 5 in Fighting
  1727 | D:4      | Reached XP level 5. HP: 24/50 MP: 4/4
  2079 | D:3      | Identified a scroll of acquirement
  2080 | D:3      | Acquired 1068 gold pieces
  2180 | D:3      | Reached skill level 1 in Dodging
  2510 | D:3      | Found a hazy altar of Hepliaklqana.
  2511 | D:3      | Found a shadowy altar of Dithmenos.
  2513 | D:3      | Noticed a shadow
  3214 | D:4      | Found a bloodstained altar of Trog.
  3230 | D:4      | Became a worshipper of Trog the Wrathful
  3345 | D:4      | Reached XP level 6. HP: 48/57 MP: 5/5
  3387 | D:4      | Reached skill level 5 in Armour
  3778 | D:5      | Entered Level 5 of the Dungeon
  4306 | D:5      | Found a staircase to the Ecumenical Temple.
  4309 | D:5      | Noticed an ice beast
  4315 | D:5      | Killed an ice beast
  4327 | Temple   | Entered the Ecumenical Temple
  4411 | D:5      | Found a transporter.
  4449 | D:5      | Noticed ChongLi's ghost (novice DsDe)
  4450 | D:5      | Noticed an acid dragon
  4461 | D:5      | Found a transporter.
  4503 | D:5      | Reached * piety under Trog
  4504 | D:5      | Reached XP level 7. HP: 62/63 MP: 6/6
  5321 | D:6      | Succumbed to a water moccasin's poison

Illustrated notes

Levels and vault maps discovered:
D:1:      minmay_arrival_five_plusses, layout_loops_ring, serial_forest,
          infiniplex_forest_pool, infiniplex_forest_straight_2,
          infiniplex_forest_straight_4, infiniplex_forest_lined_corner,
          infiniplex_forest_lined_4_way, infiniplex_forest_diagonal
D:2:      cheibrodos_helix_gallery, layout_basic
D:3:      layout_loops_corners, riverfiend_overflow_shadow_ancestor,
          kennysheep_generic_room_9
D:4:      layout_loops_cross, mainiacjoe_overflow_chevrons
D:5:      layout_basic, minmay_temple_entry_butterflies, gammafunk_ghost_arena,
          kennysheep_another_room
D:6:      layout_gridville, elyvilon_altar_5, kennysheep_little_box,
          nicolae_overflow_two_pavilions
Temple:   cyrus_temple_forest

Skill      XL: |  1  2  3  4  5  6  7 |
---------------+----------------------+-----
Armour         | 4 7 |  7.0
Fighting       | 4 6 7 |  7.5
Dodging        | 3 |  3.0
Long Blades    | |  2.8
Shields        | |  3.9

Action                   |  1- 3 |  4- 6 |  7- 9 || total
-------------------------+-------+-------+-------++-------
Melee: Long sword        |    89 |   100 |    25 ||   214
       Headbutt          |    14 |    19 |     8 ||    41
       Punch             |     1 |       |       ||     1
Invok: Berserk           |       |       |     1 ||     1
  Use: Scroll            |     1 |     7 |     4 ||    12
Armor: Scale mail        |    52 |    25 |     6 ||    83
Dodge: Dodged            |    38 |    38 |    16 ||    92
Block: Buckler           |    20 |       |       ||    20
       Kite shield       |     2 |    43 |    15 ||    60
